 Dungeon Crawl Stone Soup version 0.23.2-33-g5129a83 (webtiles) character file.

Game seed: 12346083869700941681

475 Fortress the Firebug (level 7, -4/46 HPs)
             Began as a Human Fire Elementalist on Aug 6, 2019.
             Slain by Pikel
             ... wielding a +1 whip of flaming
              (6 damage)
             ... on level 5 of the Dungeon.
             The game lasted 00:16:45 (4979 turns).

Fortress the Firebug (Human Fire Elementalist)      Turns: 4979, Time: 00:16:46

Health: -4/46      AC:  2    Str:  9    XL:     7   Next: 32%
Magic:  2/13       EV: 13    Int: 17    God:
Gold:   248        SH:  0    Dex: 13    Spells: 8/14 levels left

rFire    . . .     SeeInvis .   h - +0 dagger
rCold    . . .     Gourm    .   (no shield)
rNeg     . . .     Faith    .   a - +0 robe
rPois    .         Spirit   .   (no helmet)
rElec    .         Reflect  .   (no cloak)
rCorr    .         Harm     .   (no gloves)
MR       .....                  (no boots)
Stlth    ++........             (no amulet)
HPRegen  0.15/turn              l - ring of flight
MPRegen  0.13/turn              (no ring)

@: no status effects
A: no striking features
a: Evoke Flight


You were on level 5 of the Dungeon.
You were very hungry.

You visited 1 branch of the dungeon, and saw 5 of its levels.

You collected 248 gold pieces.

Inventory:

Hand Weapons
 h - a +0 dagger (weapon)
 u - a +1 shortbow of freezing
Missiles
 o - 121 stones (quivered)
 q - 36 sling bullets
 w - 19 arrows
Armour
 a - a +0 robe (worn)
Jewellery
 l - a ring of flight (left hand)
Wands
 r - a wand of enslavement (13)
Scrolls
 b - 2 scrolls of enchant armour {unknown}
 d - 4 scrolls of remove curse
 e - a scroll of teleportation {unknown}
 f - a scroll of magic mapping
 j - 5 scrolls of identify
 k - a scroll of fog {unknown}
 m - 2 scrolls of enchant weapon {unknown}
 s - a scroll of fear {unknown}
 v - a scroll of immolation {unknown}
 x - a scroll of silence {unknown}
Potions
 g - a potion of haste
 i - a potion of might {unknown}
 n - 2 potions of curing
 p - a potion of brilliance {unknown}
 t - a potion of mutation {unknown}
Comestibles
 c - 10 rations


   Skills:
 - Level 2.4 Dodging
 - Level 2.2 Stealth
 - Level 0.3 Unarmed Combat
 + Level 4.2 Spellcasting
 + Level 3.5 Conjurations
 + Level 5.0 Fire Magic


You had 8 spell levels left.
You knew the following spells:

 Your Spells              Type           Power        Failure   Level  Hunger
a - Flame Tongue          Conj/Fire      ###..        2%          1    None
b - Throw Flame           Conj/Fire      ###...       4%          2    ##.....
c - Conjure Flame         Conj/Fire      ###.....     8%          3    ###....

Your spell library contained the following spells:

 Spells                   Type           Power        Failure   Level  Hunger
 Inner Flame              Hex/Fire       ##......     16%         3    ###....
 Sticky Flame             Conj/Fire      ###.....     26%         4    ####...
 Fireball                 Conj/Fire      ###.......   58%         5    ######.


Dungeon Overview and Level Annotations

Branches:
Dungeon (5/15)             Temple (0/1) D:5

Altars:
Fedhas

Annotations:
D:3 Grinder
D:5 Pikel


Message History

Casting: Throw Flame (safe; 4% risk of failure)
Confirm with . or Enter, or press ? or * to list all spells.
Aiming: Flame Tongue (safe; 2% risk of failure)
Press: ? - help, Shift-Dir - straight line, f/p - Pikel
Aim: Pikel, wielding a +1 whip of flaming and wearing a +0 robe (heavily wounded)
The flame tongue hits Pikel but does no damage.
Pikel is heavily wounded.
Pikel hits you with a +1 whip of flaming.
* * * LOW HITPOINT WARNING * * *
Pikel burns you.
* * * LOW HITPOINT WARNING * * *
Casting: Flame Tongue (safe; 2% risk of failure)
Confirm with . or Enter, or press ? or * to list all spells.
Aiming: Throw Flame (safe; 4% risk of failure)
Press: ? - help, Shift-Dir - straight line, f/p - Pikel
Aim: Pikel, wielding a +1 whip of flaming and wearing a +0 robe (heavily wounded)
The puff of flame misses Pikel.
The puff of flame hits the slave!
The slave is moderately wounded.
Pikel hits you with a +1 whip of flaming.
You die...

...#,********,* *,,,,*,,*****,,,
...#,*,...(...* *,,,,*,,* ***+**
...#,#........# *,,,,*,,* *,,,,,
...#,#...(....# ******,,* *,,,,,
...#.#........# *,,* *,,,,,
...#.#..!.....###******,,***,,,,,
...#.............,,,,,,,,,,,,*+**
#.##*#........#########.,,,,,*,*
#.# #.......ppK@.......,**,,*,*
#.# ##........p#.######.,**,,*,*
#.# #..........#.#,,,,,,,,,,,*,**
#.# #....#####.###,*********+*,,,
#'###....# *....,,,,,,,,**,,,,**
...##....# *#####,*****,**,,,,**
...##....# *,* *,**,,,,,,
...##....# *,* *,**,,,,,8
...##....# ****+** *,******,⌠


You could see Pikel and 3 slaves.

Vanquished Creatures
  An ogre (D:4)
  A scorpion (D:4)
  A bullfrog skeleton (D:4)
  An orc priest (D:5)
  5 worker ants
  Robin (D:2)
  5 adders
  3 oozes
  2 worms (D:4)
  3 dart slugs
  2 leopard geckos
  5 orcs
  4 ball pythons
  3 giant cockroaches
  15 goblins
  8 hobgoblins
  2 jackals (D:1)
  7 kobolds
  2 quokkas
  6 bats
  3 frilled lizards
  6 rats
86 creatures vanquished.

Notes
Turn   | Place    | Note
-------+----------+-------------------------------------------
     0 | D:1      | Fortress the Human Fire Elementalist began the quest for
                  | the Orb.
     0 | D:1      | Reached XP level 1. HP: 13/13 MP: 3/3
   187 | D:1      | Reached XP level 2. HP: 9/19 MP: 0/5
   641 | D:1      | Reached XP level 3. HP: 24/24 MP: 2/6
  1345 | D:2      | Reached XP level 4. HP: 30/30 MP: 4/7
  1725 | D:2      | Learned a level 2 spell: Throw Flame
  1729 | D:2      | Learned a level 3 spell: Conjure Flame
  1740 | D:2      | Found a blossoming altar of Fedhas.
  2052 | D:2      | Reached skill level 4 in Fire Magic
  2145 | D:2      | Noticed Robin
  2152 | D:2      | Killed Robin
  2152 | D:2      | Reached XP level 5. HP: 35/35 MP: 1/9
  2991 | D:3      | Noticed Grinder
  3044 | D:3      | Paralysed by Grinder for 6 turns
  3664 | D:4      | Reached XP level 6. HP: 31/41 MP: 2/11
  3859 | D:4      | Noticed an ogre
  3890 | D:4      | Killed an ogre
  4494 | D:4      | Reached XP level 7. HP: 34/46 MP: 6/13
  4741 | D:5      | Entered Level 5 of the Dungeon
  4852 | D:5      | Reached skill level 5 in Fire Magic
  4959 | D:5      | Noticed Pikel
  4978 | D:5      | HP: 2/46 [Pikel/+1 whip of flaming (1)]
  4979 | D:5      | Slain by Pikel

Skill      XL: |  1  2  3  4  5  6  7 |
---------------+----------------------+-----
Fire Magic     | 4 5 |  5.0
Spellcasting   | 3 4 |  4.2
Conjurations   | 2 3 |  3.5
Dodging        | |  2.4
Stealth        | |  2.2
Unarmed Combat | |  0.3

Action                   |  1- 3 |  4- 6 |  7- 9 || total
-------------------------+-------+-------+-------++-------
Melee: Unarmed           |    41 |       |       ||    41
       Dagger            |       |    19 |     1 ||    20
 Cast: Flame Tongue      |    53 |   111 |    23 ||   187
       Throw Flame       |       |     2 |     3 ||     5
       Conjure Flame     |       |     1 |       ||     1
  Use: Scroll            |       |       |     4 ||     4
       Potion            |       |       |     1 ||     1
  Eat: Chunk             |     2 |     6 |     1 ||     9
       Ration            |       |     1 |       ||     1
Armor: Robe              |     9 |     5 |       ||    14
Dodge: Dodged            |    34 |    43 |    11 ||    88
